[Event "Polish Youth G16 Championship 2023"]
[Site "Jastrzebia Gora"]
[Date "2023.03.15"]
[Round "5.18"]
[White "Makarec, Anna"]
[Black "Gajec, Roza"]
[Result "1-0"]
[ECO "B24"]
[WhiteElo "1271"]
[BlackElo "1341"]
[Annotator "NA COMBH RC"]
[PlyCount "111"]
[EventDate "2023.03.11"]
[EventType "swiss"]
[EventCountry "POL"]
[SourceTitle "playchess.com"]
[Source "ChessBase"]
[SourceQuality "1"]
[TimeControl "40/5400+30:1800+30"]

1. e4 c5 2. Nc3 Nc6 3. g3 g6 4. Bg2 Bg7 5. Nge2 e6 6. d3 Nge7 7. O-O O-O 8. Bg5 d6 9. Qd2 Nd4 10. Nxd4 cxd4 11. Ne2 Re8 12. Bh6 Bh8 13. f4 Rb8 14. g4 f5 15. gxf5 exf5 16. Rae1 b5 17. Ng3 Bg7 18. Bxg7 Kxg7 19. Qf2 Qb6 20. Ne2 Nc6 21. exf5 Bxf5 22. Bxc6 Qxc6 23. Nxd4 Qd7 24. Nxf5+ gxf5 25. Qd4+ Kf7 26. Qd5+ Kf6 27. Rxe8 Rxe8 28. Rf3 Re1+ 29. Kf2 Qe7 30. Qd4+ Kf7 31. Kg3 Kg6 32. Qd5 Rg1+ 33. Kh3 Rg4 34. Rg3 h5 35. Qf3 Kh6 36. Kg2 Rh4 37. Qf2 Qb7+ 38. Kg1 Qa6 39. Qd4 Qb6 40. Qxb6 axb6 41. Rf3 Rg4+ 42. Kf2 Rg7 43. Rg3 Rc7 44. c3 b4 45. d4 Ra7 46. cxb4 Rxa2 47. Rb3 h4 48. Ke2 d5 49. Kd3 Ra4 50. Rc3 Rxb4 51. Rc6+ Kh5 52. Kc3 Rb5 53. h3 Ra5 54. Rxb6 Ra3+ 55. Rb3 Ra1 {Check Result:0.17} 56. Rb8 1-0

[Event "Polish Youth G16 Championship 2023"]
[Site "Jastrzebia Gora"]
[Date "2023.03.15"]
[Round "5.19"]
[White "Kaczmarek, Paulina"]
[Black "Predkiewicz, Paulina"]
[Result "1/2-1/2"]
[ECO "C58"]
[WhiteElo "1317"]
[BlackElo "1402"]
[Annotator "NA RC COMBH"]
[PlyCount "80"]
[EventDate "2023.03.11"]
[EventType "swiss"]
[EventCountry "POL"]
[SourceTitle "playchess.com"]
[Source "ChessBase"]
[SourceQuality "1"]
[TimeControl "40/5400+30:1800+30"]

1. e4 e5 2. Nf3 Nc6 3. Bc4 Nf6 4. Ng5 d5 5. exd5 Na5 6. d3 Nxc4 7. dxc4 Bc5 8. Nc3 Bf5 9. Qe2 O-O 10. Nge4 Nxe4 11. Nxe4 Bxe4 12. Qxe4 f5 13. Qe2 Qf6 14. Be3 Bxe3 15. Qxe3 Qa6 16. Qb3 Rae8 17. O-O-O Kh8 18. Kb1 e4 19. Rhe1 Qf6 20. c5 Rd8 21. Qb4 b6 22. cxb6 axb6 23. Qc4 Rf7 24. f3 exf3 25. gxf3 Rfd7 26. Qe2 h6 27. Qe5 Qf7 28. c4 Qf8 29. Kc2 Qb4 30. Qc3 Qd6 31. Rd2 Qf4 32. Rde2 Kh7 33. Qd3 Rf7 34. Rd2 Rfd7 35. Qe2 c6 36. Red1 cxd5 37. Rxd5 Rxd5 38. Rxd5 Rxd5 39. cxd5 Qa4+ 40. Kb1 Qd4 1/2-1/2

[Event "Polish Youth G16 Championship 2023"]
[Site "Jastrzebia Gora"]
[Date "2023.03.15"]
[Round "5.20"]
[White "Sliwicka, Weronika"]
[Black "Racis, Dominika"]
[Result "1-0"]
[ECO "B12"]
[WhiteElo "1374"]
[BlackElo "1201"]
[Annotator "NA RC COMBH"]
[PlyCount "75"]
[EventDate "2023.03.11"]
[EventType "swiss"]
[EventCountry "POL"]
[SourceTitle "playchess.com"]
[Source "ChessBase"]
[SourceQuality "1"]
[TimeControl "40/5400+30:1800+30"]

1. e4 c6 2. d4 d5 3. e5 Bf5 4. c4 dxc4 5. Bxc4 e6 6. Nc3 Bb4 7. Nge2 Nd7 8. a3 Bxc3+ 9. Nxc3 Nb6 10. Bb3 Qc7 11. h4 h5 12. Bf4 Ne7 13. Rc1 Nbd5 14. Bxd5 Nxd5 15. Nxd5 exd5 16. O-O Bg6 17. Qb3 Qd7 18. Qb4 O-O-O 19. Qc5 Qe6 20. Qxa7 Bd3 21. Rfe1 Kc7 22. Qa5+ Kb8 23. Qd2 Ba6 24. Bg3 Ka8 25. Qg5 Rdg8 26. b4 Rh6 27. a4 Bc4 28. Ra1 Rg6 29. Qxh5 Rg4 30. Qh7 Qc8 31. Qh5 g6 32. Qh7 Qf8 33. e6 Rg7 34. e7 Qxe7 35. Qxg7 Qd8 36. Qxf7 Ka7 37. Re8 Qb6 38. Bb8+ 1-0

[Event "Polish Youth G16 Championship 2023"]
[Site "Jastrzebia Gora"]
[Date "2023.03.15"]
[Round "5.21"]
[White "Ekner, Maria"]
[Black "Domeradzka, Karolina"]
[Result "0-1"]
[ECO "E21"]
[WhiteElo "1337"]
[BlackElo "1194"]
[Annotator "NA RC COMBH"]
[PlyCount "50"]
[EventDate "2023.03.11"]
[EventType "swiss"]
[EventCountry "POL"]
[SourceTitle "playchess.com"]
[Source "ChessBase"]
[SourceQuality "1"]
[TimeControl "40/5400+30:1800+30"]

1. d4 Nf6 2. c4 e6 3. Nc3 Bb4 4. Nf3 b6 5. Bg5 Bb7 6. e3 O-O 7. Bd3 d5 8. O-O Nbd7 9. Ne5 Be7 10. f4 c5 11. cxd5 exd5 12. Qf3 cxd4 13. Qh3 Nxe5 14. fxe5 Ne4 15. Bxe7 Qxe7 16. exd4 Qb4 17. Qd7 Qxd4+ 18. Kh1 Qxd3 19. Qxb7 Nxc3 20. bxc3 Qxc3 21. Qxd5 Rad8 22. Qb7 Qxe5 23. Qxa7 Rd6 24. Rae1 Qd5 25. Rd1 Qxd1 0-1

[Event "Polish Youth G16 Championship 2023"]
[Site "Jastrzebia Gora"]
[Date "2023.03.15"]
[Round "5.22"]
[White "Danek, Wiktoria"]
[Black "Butkiewicz, Hanna"]
[Result "0-1"]
[ECO "C50"]
[WhiteElo "1161"]
[BlackElo "1120"]
[Annotator "NA RC COMBH"]
[PlyCount "119"]
[EventDate "2023.03.11"]
[EventType "swiss"]
[EventCountry "POL"]
[SourceTitle "playchess.com"]
[Source "ChessBase"]
[SourceQuality "1"]
[TimeControl "40/5400+30:1800+30"]

1. e4 e5 2. Nf3 Nc6 3. Bc4 Bc5 4. d3 h6 5. c3 Nf6 6. h3 d6 7. O-O O-O 8. Be3 Bxe3 9. fxe3 Na5 10. Bb3 Nxb3 11. Qxb3 Rb8 12. Qc2 Re8 13. Nbd2 Qe7 14. Rae1 b6 15. Nb3 d5 16. exd5 Nxd5 17. Qf2 Ba6 18. c4 Nb4 19. Qd2 Qd6 20. Nc1 Rbd8 21. Rd1 e4 22. Nd4 exd3 23. a3 Nc6 24. Nf5 Qd7 25. Qc3 f6 26. Nxh6+ gxh6 27. Rxf6 Re6 28. Rxd3 Qe7 29. Rxd8+ Nxd8 30. Rxe6 Qxe6 31. b3 Bb7 32. Ne2 Qd6 33. Qc2 Kg7 34. Nf4 Nf7 35. Qc3+ Qe5 36. Qd3 Be4 37. Qd7 Bf5 38. Qd4 Qxd4 39. exd4 Ng5 40. c5 bxc5 41. dxc5 Ne6 42. Nxe6+ Bxe6 43. b4 Kf6 44. a4 Ke5 45. a5 Kd5 46. Kf2 Kc4 47. a6 Kxb4 48. c6 Kc5 49. Ke3 Kxc6 50. Kf4 h5 51. Kg5 Bf7 52. g4 hxg4 53. Kxg4 Kd6 54. h4 c5 55. Kf4 Kc6 56. Ke5 c4 57. Kd4 Kb6 58. h5 Bxh5 59. Kxc4 Kxa6 60. Kd4 0-1

[Event "Polish Youth G16 Championship 2023"]
[Site "Jastrzebia Gora"]
[Date "2023.03.15"]
[Round "5.23"]
[White "Lach, Alicja"]
[Black "Idzior, Izabela"]
[Result "1/2-1/2"]
[ECO "C01"]
[WhiteElo "1231"]
[BlackElo "1287"]
[Annotator "NA RC COMBH"]
[PlyCount "75"]
[EventDate "2023.03.11"]
[EventType "swiss"]
[EventCountry "POL"]
[SourceTitle "playchess.com"]
[Source "ChessBase"]
[SourceQuality "1"]
[TimeControl "40/5400+30:1800+30"]

1. e4 e6 2. d4 d5 3. exd5 exd5 4. Nf3 Nc6 5. c4 Nf6 6. Nc3 Bb4 7. Bd3 Bg4 8. Be2 Ne4 9. Bd2 Nxd2 10. Qxd2 dxc4 11. Rd1 Qe7 12. O-O O-O-O 13. Rfe1 Qf6 14. d5 Bxf3 15. Bxf3 Ne5 16. Be4 Bc5 17. Bc2 Bb4 18. Qd4 Nd7 19. Qxc4 Bxc3 20. bxc3 Nb6 21. Qc5 Qd6 22. Qb5 a6 23. Qb3 Qc5 24. Be4 Nc4 25. Rd4 Nd6 26. Bf3 Rhe8 27. Red1 Re7 28. g3 Rde8 29. Kg2 f5 30. h4 g6 31. a4 h6 32. Rh1 h5 33. Rb1 Kb8 34. Rb4 Qa7 35. a5 Kc8 36. Qa2 Qc5 37. Qb3 Qa7 38. Qa2 1/2-1/2

[Event "Polish Youth G16 Championship 2023"]
[Site "Jastrzebia Gora"]
[Date "2023.03.16"]
[Round "6.1"]
[White "Szczotka, Klara"]
[Black "Ziobrowska, Maja"]
[Result "1/2-1/2"]
[ECO "C50"]
[WhiteElo "1739"]
[BlackElo "1758"]
[Annotator "NA RC COMBH"]
[PlyCount "188"]
[EventDate "2023.03.11"]
[EventType "swiss"]
[EventCountry "POL"]
[SourceTitle "playchess.com"]
[Source "ChessBase"]
[SourceQuality "1"]
[TimeControl "40/5400+30:1800+30"]

1. e4 e5 2. Nf3 Nc6 3. Bc4 Nf6 4. d3 Bc5 5. Bg5 d6 6. c3 h6 7. Bh4 a6 8. Nbd2 Na5 9. Bd5 c6 10. Bxf7+ Kxf7 11. b4 Ba7 12. bxa5 Be6 13. Qa4 Qc7 14. O-O Nd7 15. d4 Rhe8 16. Kh1 Kg8 17. Bg3 Kh8 18. dxe5 dxe5 19. Nh4 Rad8 20. Ndf3 Bf7 21. Rad1 Nc5 22. Qc2 Bb8 23. Rxd8 Qxd8 24. Rd1 Qxa5 25. c4 Qb4 26. Rc1 Bc7 27. h3 a5 28. Nf5 a4 29. Qe2 a3 30. N3h4 Kh7 31. Qe3 Na4 32. Rd1 Qxc4 33. Qxa3 Be6 34. Qf3 g6 35. Ne3 Qxa2 36. Qf6 Rg8 37. Bxe5 Bxe5 38. Qxe5 Rg7 39. Qf6 Nc5 40. Qe5 Qxf2 41. Qxc5 Qxh4 42. e5 Qe4 43. Kg1 Rf7 44. Rd6 Bd5 45. Rf6 Rd7 46. Qc3 Re7 47. Nxd5 cxd5 48. e6 Rg7 49. Kf2 d4 50. Qf3 Qe5 51. Qf4 Qd5 52. Qf3 Qxf3+ 53. Rxf3 Re7 54. Rb3 Kg7 55. Kf3 Kf6 56. Ke4 Rxe6+ 57. Kxd4 b6 58. Rb5 g5 59. g4 Rd6+ 60. Ke4 Ke6 61. Rb3 Rc6 62. Rb4 Kd6 63. Kd4 Kc7 64. Rb5 Rf6 65. Rb3 Kc6 66. Ke5 Rf4 67. Rc3+ Kb5 68. Kd5 Kb4 69. Rc6 b5 70. Rxh6 Ka3 71. Kc5 b4 72. Ra6+ Kb2 73. Ra4 b3 74. Rxf4 gxf4 75. g5 f3 76. g6 f2 77. g7 f1=Q 78. g8=Q Qxh3 79. Kb4 Qc3+ 80. Ka4 Qd4+ 81. Kb5 Kc2 82. Qg2+ Qd2 83. Qc6+ Kb1 84. Qh1+ Qc1 85. Qe4+ Ka2 86. Qa4+ Qa3 87. Qc4 Qd6 88. Ka4 Qd7+ 89. Kb4 Qd2+ 90. Ka4 Qc2 91. Qe6 Kb2 92. Qe5+ Kb1 93. Qe1+ Ka2 94. Qe6 Qc3 1/2-1/2

[Event "Polish Youth G16 Championship 2023"]
[Site "Jastrzebia Gora"]
[Date "2023.03.16"]
[Round "6.2"]
[White "Pawicka, Magdalena"]
[Black "Bar, Klaudia"]
[Result "1/2-1/2"]
[ECO "B32"]
[WhiteElo "1805"]
[BlackElo "1731"]
[Annotator "NA RC COMBH"]
[PlyCount "88"]
[EventDate "2023.03.11"]
[EventType "swiss"]
[EventCountry "POL"]
[SourceTitle "playchess.com"]
[Source "ChessBase"]
[SourceQuality "1"]
[TimeControl "40/5400+30:1800+30"]

1. e4 c5 2. Nf3 Nc6 3. d4 cxd4 4. Nxd4 e5 5. Nb5 d6 6. c4 Be6 7. N1c3 a6 8. Na3 g6 {[%emt 0:00:20] is now more promising than 8...Be7.} 9. Nc2 Bg7 10. Be3 Nge7 11. Qd2 f5 12. f3 Qc7 13. Nd5 Bxd5 14. cxd5 {[%emt 0:01:00] [#]} Nd8 $146 ({Predecessor:} 14... Nb8 15. Rc1 Qd8 16. Qb4 fxe4 17. fxe4 O-O 18. Be2 a5 19. Qa3 Nc8 20. Bf3 Nd7 {½-½ Valencia Quinchia,I (1473)-Ospina Betancur,S (1716) Medellin Raza Cup 2022 (5)}) 15. Bd3 O-O 16. O-O f4 17. Bf2 g5 18. b4 h5 19. a4 g4 20. Be2 Qd7 21. Qd1 (21. fxg4 $18 {has better winning chances.} hxg4 22. Qd1) 21... g3 22. hxg3 fxg3 23. Bxg3 Ng6 24. Ne3 Qe7 25. Nf5 Qg5 26. Qc1 Rxf5 27. exf5 Nf4 28. Bxf4 exf4 29. Qc4 Bxa1 30. Rxa1 Qxf5 $16 (30... Nf7 $1 $11 {keeps the balance.}) 31. Qe4 Qe5 (31... Qxe4 $14 32. fxe4 Nf7) 32. Qxe5 (32. Rc1 $18) 32... dxe5 33. Rc1 Kf7 34. Rc7+ Kf6 35. Bc4 Rb8 36. Rh7 Rc8 37. Bd3 Rc1+ 38. Kf2 Rd1 39. Be4 ({White should play} 39. Ke2 $16 Rg1 40. Rh6+ (40. Rxh5 Rxg2+ 41. Kf1 Rd2 $11) 40... Kg7 41. Rg6+ (41. Rxh5 Rxg2+ 42. Kf1 Rd2 $11) 41... Kf8 42. Bf5) 39... Rd2+ 40. Kf1 Nf7 41. Rxh5 b5 42. axb5 axb5 43. Rf5+ Ke7 44. d6+ Rxd6 1/2-1/2

[Event "Polish Youth G16 Championship 2023"]
[Site "Jastrzebia Gora"]
[Date "2023.03.16"]
[Round "6.3"]
[White "Siekanska, Maria"]
[Black "Kawa, Anna"]
[Result "1-0"]
[ECO "E65"]
[WhiteElo "1996"]
[BlackElo "1743"]
[Annotator "TA"]
[PlyCount "87"]
[EventDate "2023.03.11"]
[EventType "swiss"]
[EventCountry "POL"]
[SourceTitle "playchess.com"]
[Source "ChessBase"]
[SourceQuality "1"]
[TimeControl "40/5400+30:1800+30"]

1. d4 Nf6 2. c4 g6 3. g3 Bg7 4. Bg2 d6 5. Nf3 O-O 6. O-O c5 7. Nc3 Nc6 8. dxc5 dxc5 9. Qa4 {[%emt 0:01:49] E65: King's Indian: Fianchetto: 6...c5 7 0-0 without d5 by White.} Qa5 {[%emt 0:04:14] [#]} 10. Nd2 $146 ({Predecessor:} 10. Be3 Nd7 11. Qb3 Nd4 12. Bxd4 cxd4 13. Nd5 Re8 14. Qd1 e6 15. b4 Qd8 16. Nf4 a5 17. a3 d3 18. Rb1 axb4 19. axb4 dxe2 20. Qxe2 {0-1 Preotu,R (2462)-Kovalenko,I (2667) Titled Tuesday intern op 2nd Febr blitz 2016 (2)}) 10... Qxa4 11. Nxa4 {[%emt 0:00:11] The position is equal.} Nd4 12. e3 (12. Nc3 $5) 12... Ne2+ 13. Kh1 Nxc1 14. Raxc1 Nd7 15. Nb3 Rb8 16. Nbxc5 Nxc5 17. Nxc5 b6 18. Nd3 Rd8 19. Rcd1 Ba6 (19... Bg4 $11 {keeps the balance.}) 20. b3 $16 Bc3 {[%emt 0:07:57] Prevents Nb4} 21. Nf4 e6 {[%emt 0:01:31] Dodges Nd5} 22. Ne2 Bf6 23. a4 Kf8 24. e4 Bb7 25. f4 Bb2 {[%emt 0:04:26] White leaves nothing to chance now.} ({Black should try} 25... e5 $14) 26. e5 {[%emt 0:04:37] [#] Strongly threatening Rxd8+.} Bxg2+ 27. Kxg2 Ke7 28. Kf3 a6 29. Ke3 a5 (29... Ba3 $16 {was called for.} 30. Ke4 Rxd1 31. Rxd1 Rd8 32. Rxd8 Kxd8) 30. Nd4 $18 Bxd4+ 31. Rxd4 Rxd4 32. Kxd4 {[%emt 0:00:02][%mdl 4096] Endgame KR-KR} Rd8+ (32... Kd7 $142 33. Ke4 Kc6) 33. Kc3 Rd7 34. Rf2 {[%emt 0:00:45] [#] Rd2 is the strong threat.} Kd8 $2 (34... Rd1 35. Rd2 Rc1+ 36. Kb2 Rh1) 35. Rd2 Rxd2 36. Kxd2 {[%emt 0:00:05] aiming for Kc3. KP-KP} Kc7 37. Kc3 Kc6 38. b4 h6 39. bxa5 {[%emt 0:00:18] White mates.} bxa5 40. Kd4 Kb6 41. c5+ Kc7 42. Kc4 Kc6 43. h3 h5 44. h4 {[%emt 0:00:14] Weighted Error Value: White=0.10 (very precise) /Black=0.41} 1-0

[Event "Polish Youth G16 Championship 2023"]
[Site "Jastrzebia Gora"]
[Date "2023.03.16"]
[Round "6.4"]
[White "Szopa, Emilia"]
[Black "Smietanska, Wiktoria"]
[Result "1/2-1/2"]
[ECO "B34"]
[WhiteElo "1709"]
[BlackElo "1954"]
[Annotator "TA"]
[PlyCount "174"]
[EventDate "2023.03.11"]
[EventType "swiss"]
[EventCountry "POL"]
[SourceTitle "playchess.com"]
[Source "ChessBase"]
[SourceQuality "1"]
[TimeControl "40/5400+30:1800+30"]

1. e4 c5 2. Nc3 Nc6 3. Nf3 g6 4. d4 cxd4 5. Nxd4 Bg7 6. Be3 Nf6 7. f3 O-O 8. Qd2 d5 9. Nxc6 bxc6 10. O-O-O e6 (10... Qc7 $1 $17) 11. h4 $11 {[%emt 0:05:57][%cal Bh2h4,Bh4h5,Bh5h6][%mdl 32] B34: Sicilian: Accelerated Dragon with 5 Nc3: sidelines.} Qa5 {[%emt 0:10:50] [#]} 12. e5 $146 (12. Bh6 $11) ({Predecessor:} 12. Kb1 Rb8 13. b3 Rd8 14. Bd4 dxe4 15. Qf4 Nd7 16. Bxg7 Kxg7 17. Nxe4 e5 18. Qe3 f5 19. Ng5 Nf6 20. Bc4 f4 21. Qe2 {1-0 Cruz Beltran,A (1745)-Valera Padilla,F (1786) Pan American-ch School U17 2019 (8)}) 12... Nd7 (12... Nh5 $1 $17 13. Qe1 Bxe5 14. Nxd5 Qxa2 15. Ne7+ Kh8) 13. Bh6 {[%emt 0:02:23] Black is slightly better.} d4 $2 ({Of course not} 13... Nxe5 14. Bxg7 Kxg7 15. h5 $11) (13... Bxe5 $1 $17 {[%cal Oa8b8] and life is bright. Hoping for ...Rb8!} 14. h5 (14. Bxf8 Kxf8 15. h5 Rb8 $17) 14... Rb8) 14. Bxg7 $16 Kxg7 15. Qxd4 Qxe5 16. h5 Qxd4 17. Rxd4 Nf6 18. h6+ {[%emt 0:03:59] Black is weak on the dark squares} Kg8 19. Rd6 {[%emt 0:08:37] White has more active pieces. The black rooks are badly placed.} Bb7 20. Be2 ({Better is} 20. Rh4 $16) 20... Rfd8 21. Rhd1 (21. Rxd8+ $1 $16 Rxd8 22. Rh4) 21... Rxd6 $1 $14 22. Rxd6 Kf8 $1 23. Na4 Ke7 24. Rd4 Nd7 {[%emt 0:12:05] Against Nc5} 25. Rb4 Rb8 26. Kd2 c5 27. Rb3 Kd6 28. Ke3 e5 (28... Bc6 $11 {remains equal.} 29. Rxb8 Nxb8) 29. Bc4 (29. Nc3 $16) 29... f5 $1 $11 30. Rd3+ Ke7 $1 31. Bb5 {[%emt 0:02:08] Against Bc6} Nf6 32. Rb3 $1 {[%emt 0:05:21][%cal Ob5a6] Ba6! would be deadly.} Rc8 33. Bc4 Bd5 34. Bxd5 Nxd5+ {[%emt 0:00:02][%mdl 4096] Endgame KRN-KRN} 35. Kf2 Rc7 (35... c4 $1 $11 36. Rb5 Ke6) 36. g4 (36. c4 $16 Nf4 37. g3 Nh3+ 38. Ke2) 36... fxg4 37. fxg4 Kd6 38. Rb8 Rf7+ 39. Kg3 Nb4 $2 (39... e4 $11) 40. Rd8+ Kc7 41. Rg8 Kd6 42. Rg7 Ke7 43. Rxf7+ $1 ({Don't do} 43. Nxc5 Nxc2 44. Rg8 Ne3 $16) 43... Kxf7 44. Nxc5 Nxc2 $16 {[%emt 0:04:34] KN-KN} 45. Nd7 (45. Kf3 $16) 45... g5 (45... e4 $14) 46. Nxe5+ Kf6 $2 (46... Ke6 $16 47. Nc6 a6) 47. Nc6 $18 a6 48. Kf3 Ne1+ 49. Ke4 Kg6 50. Ne5+ Kxh6 51. Kf5 {[%emt 0:00:08] White threatens Kf6 and mate.} Kg7 52. Kxg5 Nc2 53. Nc6 {[%emt 0:01:26] Prevents Nd4} Ne3 54. b4 h6+ 55. Kf4 $2 (55. Kh4 $18 {and White stays clearly on top.}) 55... Nd5+ $16 56. Ke5 Nc3 57. a3 {[%emt 0:03:23] Threatens to win with Kf5.} Kg6 {[%emt 0:00:56] [#]} 58. Kf4 {[%emt 0:01:21] Black must now prevent Ne5+.} Nd5+ (58... Nb1 $16 {is a better defense.} 59. a4 Nc3) 59. Kf3 Nb6 60. Nb8 $2 (60. Ne5+ $18 Kg5 61. Nd3) 60... Nc4 $11 61. a4 a5 62. bxa5 Nxa5 63. Kf4 Kf6 (63... h5 $1 $11) 64. Nd7+ $16 Ke6 65. Nc5+ Kd5 66. Nd3 (66. Ne4 $16) 66... Ke6 (66... Nc4 $11) 67. Ke4 {[%emt 0:00:26] Kd4 is the strong threat.} Kf6 $2 {[%emt 0:00:58][%mdl 8192] [#]} (67... Nb3 $16 68. Kf4 Na5) 68. Kd5 $2 (68. Kd4 $1 $18 {[%cal Rd4c5] aiming for Kc5.} Kg5 69. Ne5) 68... Kg5 $1 $14 69. Ne5 {[%emt 0:00:20] And now Nc4 would win.} Kf4 70. Nf7 (70. Nc4 $5 Nb3 71. Ne5 $18) 70... Kxg4 {[%emt 0:00:08] The position is equal.} 71. Nxh6+ Kg5 72. Nf7+ Kf6 73. Nd8 Nb3 $1 74. Kc4 Ke7 75. Nb7 Nd2+ 76. Kb4 Kd7 77. Nc5+ Kc6 78. a5 Nf3 79. Nb3 Ne5 80. Nd4+ Kd5 {[%emt 0:05:17] [#]} 81. Kb5 $1 Nc4 {[%emt 0:00:52] [#]} (81... Kd6 82. Ne6) 82. a6 $1 Nd6+ 83. Kb6 (83. Kb4 $5 Nc8 $8 84. Nf3 $11) 83... Kxd4 84. Kc6 Nc8 85. Kb7 $1 Nd6+ 86. Kc6 Nc8 87. Kb7 Nd6+ {[%emt 0:00:03] Weighted Error Value: White=0.36/Black=0.43} 1/2-1/2

[Event "Polish Youth G16 Championship 2023"]
[Site "Jastrzebia Gora"]
[Date "2023.03.16"]
[Round "6.5"]
[White "Tokarz, Izabela"]
[Black "Zapalowska, Wiktoria"]
[Result "1-0"]
[ECO "D36"]
[WhiteElo "1725"]
[BlackElo "1639"]
[Annotator "NA RC COMBH"]
[PlyCount "107"]
[EventDate "2023.03.11"]
[EventType "swiss"]
[EventCountry "POL"]
[SourceTitle "playchess.com"]
[Source "ChessBase"]
[SourceQuality "1"]
[TimeControl "40/5400+30:1800+30"]

1. d4 d5 2. c4 e6 3. Nc3 Nf6 4. cxd5 exd5 5. Bg5 c6 6. Qc2 Bd6 7. e3 O-O 8. Bd3 h6 9. Bh4 Re8 10. Nge2 a5 11. h3 Na6 12. a3 Nc7 13. O-O Ne6 14. f3 Ng5 15. Bxg5 hxg5 16. e4 c5 17. dxc5 Bxc5+ 18. Kh1 dxe4 19. Nxe4 Nxe4 20. Bxe4 Qe7 21. Nc3 Be6 22. Rfe1 Rac8 23. Bd5 Qd7 24. Rad1 Bxd5 25. Rxe8+ Qxe8 26. Nxd5 Qe6 27. Qd2 Qe5 28. Re1 Qg3 29. Ne7+ Bxe7 30. Rxe7 b6 31. Rd7 Qf4 32. Qxf4 gxf4 33. Rd6 Rb8 34. Rd4 g5 35. h4 gxh4 36. Rxf4 Kg7 37. Rxh4 Rc8 38. Rh5 Rc6 39. Kh2 Rg6 40. g4 Kf6 41. Kg3 Ke7 42. Rf5 Rd6 43. Kf4 Rd4+ 44. Ke3 Rd6 45. Ke4 f6 46. Rd5 Re6+ 47. Kf5 Re3 48. f4 Rb3 49. Rd2 b5 50. Kg6 Rf3 51. Re2+ Kf8 52. f5 Rf4 53. Kxf6 Rxg4 54. Re5 1-0

[Event "Polish Youth G16 Championship 2023"]
[Site "Jastrzebia Gora"]
[Date "2023.03.16"]
[Round "6.6"]
[White "Giemza, Julia"]
[Black "Seemann, Pola"]
[Result "0-1"]
[ECO "B13"]
[WhiteElo "1536"]
[BlackElo "1714"]
[Annotator "NA RC COMBH"]
[PlyCount "100"]
[EventDate "2023.03.11"]
[EventType "swiss"]
[EventCountry "POL"]
[SourceTitle "playchess.com"]
[Source "ChessBase"]
[SourceQuality "1"]
[TimeControl "40/5400+30:1800+30"]

1. e4 c6 2. d4 d5 3. exd5 cxd5 4. Bd3 Nc6 5. c3 Qc7 6. Nf3 Bg4 7. O-O Nf6 8. Re1 e6 9. Nbd2 Bd6 10. Nf1 O-O 11. h3 Bh5 12. Bg5 Be7 13. Ng3 Bg6 14. Ne5 Bxd3 15. Qxd3 h6 16. Bd2 Nxe5 17. Rxe5 Bd6 18. Re3 Rab8 19. a4 a6 20. a5 Rfe8 21. b3 Rbc8 22. Be1 Red8 23. Ne2 Ne4 24. c4 Be7 25. c5 Bg5 26. Rf3 Bf6 27. b4 Ng5 28. Re3 Rd7 29. b5 axb5 30. Qxb5 e5 31. dxe5 d4 32. Rd3 Be7 33. f4 Ne6 34. Rc1 Rd5 35. Bb4 Qd8 36. Rc4 Bxc5 37. Bxc5 Rcxc5 38. Qb4 Rb5 39. Qd2 Qxa5 40. Nxd4 Qa1+ 41. Kh2 Rb2 42. Qe3 Nc5 43. Rdc3 b6 44. e6 fxe6 45. Nxe6 Rdd2 46. Rc1 Rxg2+ 47. Kh1 Rh2+ 48. Kg1 Rbg2+ 49. Kf1 Qb2 50. Nxc5 Rh1+ 0-1

[Event "Polish Youth G16 Championship 2023"]
[Site "Jastrzebia Gora"]
[Date "2023.03.16"]
[Round "6.7"]
[White "Kicinska, Magdalena"]
[Black "Salamon, Julia"]
[Result "1/2-1/2"]
[ECO "E16"]
[WhiteElo "1573"]
[BlackElo "1701"]
[Annotator "NA RC COMBH"]
[PlyCount "75"]
[EventDate "2023.03.11"]
[EventType "swiss"]
[EventCountry "POL"]
[SourceTitle "playchess.com"]
[Source "ChessBase"]
[SourceQuality "1"]
[TimeControl "40/5400+30:1800+30"]

1. d4 Nf6 2. Nf3 e6 3. c4 b6 4. g3 Bb7 5. Bg2 Bb4+ 6. Bd2 Qe7 7. a3 Bxd2+ 8. Nbxd2 c5 9. dxc5 bxc5 10. O-O O-O 11. b4 cxb4 12. axb4 Na6 13. b5 Nc5 14. Qc2 Rfc8 15. Rfc1 e5 16. Nb3 e4 17. Nxc5 Rxc5 18. Nd2 d5 19. Qb3 Qc7 20. Rc2 dxc4 21. Rxc4 Bd5 22. Rxc5 Qxc5 23. Qe3 Qxe3 24. fxe3 Rb8 25. Rxa7 Rxb5 26. Ra4 Rb2 27. Bxe4 Nxe4 28. Nxe4 Bxe4 29. Rxe4 f5 30. Re5 Rxe2 31. Rxf5 Rxe3 32. Kf2 Ra3 33. h4 g6 34. Rb5 h5 35. Rb7 Rc3 36. Ra7 Rb3 37. Rc7 Ra3 38. Rb7 1/2-1/2

[Event "Polish Youth G16 Championship 2023"]
[Site "Jastrzebia Gora"]
[Date "2023.03.16"]
[Round "6.8"]
[White "Nieckarz, Maja"]
[Black "Lazniewska, Zofia"]
[Result "0-1"]
[ECO "B35"]
[WhiteElo "1493"]
[BlackElo "1621"]
[Annotator "NA RC COMBH"]
[PlyCount "142"]
[EventDate "2023.03.11"]
[EventType "swiss"]
[EventCountry "POL"]
[SourceTitle "playchess.com"]
[Source "ChessBase"]
[SourceQuality "1"]
[TimeControl "40/5400+30:1800+30"]

1. e4 c5 2. Nf3 Nc6 3. d4 cxd4 4. Nxd4 g6 5. Nc3 Bg7 6. Be3 Nf6 7. Bc4 O-O 8. Bb3 d5 9. Bxd5 Ng4 10. O-O Nxd4 11. Bxd4 Bxd4 12. Qxd4 e6 13. e5 exd5 14. h3 Nh6 15. Nxd5 Nf5 16. Qc5 Be6 17. Nf6+ Kg7 18. Rad1 Qc8 19. Qb4 Qc6 20. Qf4 Qc4 21. Qg5 h6 22. Qd2 Rac8 23. c3 Rc5 24. Rfe1 Qb5 25. Qf4 Rc4 26. Re4 Rxe4 27. Nxe4 Qa4 28. Rd2 Qxa2 29. g4 Qb1+ 30. Kh2 g5 31. Nxg5 hxg5 32. Qxg5+ Kh7 33. gxf5 Qxf5 34. Qh4+ Kg7 35. f4 f6 36. Rg2+ Kf7 37. exf6 Qxf6 38. Qh5+ Ke7 39. Qc5+ Ke8 40. Qb5+ Bd7 41. Re2+ Kd8 42. Qa5+ b6 43. Qg5 Qxg5 44. fxg5 Rf3 45. Rg2 Rxh3+ 46. Kg1 Bc6 47. Rg4 Ke7 48. Kf2 Rh2+ 49. Ke3 Rxb2 50. Rh4 Kf8 51. Rh7 a5 52. g6 Rg2 53. Rf7+ Kg8 54. Rf6 Bd5 55. Rxb6 a4 56. Kd4 Bb3 57. Kc5 Rg4 58. Ra6 Kg7 59. Rb6 Rc4+ 60. Kb5 a3 61. Rb7+ Kxg6 62. Re7 a2 63. Re1 Ra4 64. Ra1 Kf5 65. Kc5 Ke4 66. Kb5 Kd3 67. c4 Rxc4 68. Rh1 Kc3 69. Rh3+ Kb2 70. Rh2+ Rc2 71. Rxc2+ Bxc2 0-1

[Event "Polish Youth G16 Championship 2023"]
[Site "Jastrzebia Gora"]
[Date "2023.03.16"]
[Round "6.9"]
[White "Zielinska, Aleksandra"]
[Black "Pastuszko, Katarzyna"]
[Result "0-1"]
[ECO "C45"]
[WhiteElo "1613"]
[BlackElo "1286"]
[Annotator "NA RC COMBH"]
[PlyCount "82"]
[EventDate "2023.03.11"]
[EventType "swiss"]
[EventCountry "POL"]
[SourceTitle "playchess.com"]
[Source "ChessBase"]
[SourceQuality "1"]
[TimeControl "40/5400+30:1800+30"]

1. e4 e5 2. Nf3 Nc6 3. d4 exd4 4. Nxd4 Nf6 5. Nxc6 bxc6 6. e5 Nd5 7. c4 Bb4+ 8. Bd2 Bxd2+ 9. Qxd2 Nb6 10. Bd3 O-O 11. O-O Kh8 12. Nc3 d5 13. exd6 cxd6 14. Rad1 Be6 15. b3 Qc7 16. Qc2 h6 17. f4 f5 18. Ne2 c5 19. Nc3 a6 20. a4 Rab8 21. Rfe1 Qf7 22. Re3 Rbe8 23. Rde1 Bc8 24. a5 Nd7 25. Nd5 Nb8 26. Ne7 Qf6 27. Nxf5 Rxe3 28. Rxe3 Bxf5 29. Bxf5 Nc6 30. Bd7 Qa1+ 31. Kf2 Nd4 32. Qd2 Qb1 33. g3 Qh1 34. Qc3 Qxh2+ 35. Kf1 Rb8 36. Qd3 Qh1+ 37. Kf2 Qh2+ 38. Kf1 Nxb3 39. Re2 Qh1+ 40. Kf2 Nc1 41. Qe4 Qh2+ 0-1